AoeStats
← 啊超

Nomad

506659859Analyzed
2v2 RM · 17d ago on Sep 14, 2026· 51m 26s· 4 players
Game mode
Random Map
Map size
176×176
Population
200
Speed
Normal
Resources
Standard
Victory
Conquest
Starting age
Dark Age
Ending age
Imperial Age
RankedLock teamsTeams togetherTeam positionsShared explorationLock speedFull tech treeHidden civsTurbo modeCheats
Victory
Defeat
🇨🇳 Huns · China
1236
+12
🇨🇳 Vietnamese · China
1129
+18
🇪🇸 Bulgarians · Spain
1155
-15
🇹🇼 Huns · Taiwan
1152
-15
12月純血射手座
7:21 Loom
13:04 Feudal Age
13:51 Double-Bit Axe
16:28 Scale Barding Armor
23:24 Castle Age
21:13 Horse Collar
22:53 Bloodlines
22:57 Forging
24:12 Husbandry
24:48 Scale Mail Armor
30:20 Chain Barding Armor
31:16 Iron Casting
31:05 Heavy Plow
33:19 Bow Saw
34:23 Wheelbarrow
33:35 Town Watch
37:08 Hand Cart
40:37 Imperial Age
39:23 Gold Mining
40:50 Cavalier
46:19 Two-Man Saw
45:41 Fletching
46:09 Paladin
47:35 Plate Barding Armor
48:47 Blast Furnace
51:32 Gold Shaft Mining
ibaporcanalejas
4:53 Loom
12:49 Feudal Age
14:14 Wheelbarrow
13:27 Double-Bit Axe
13:32 Horse Collar
14:54 Fishing Lines
20:27 Fletching
21:20 Scale Barding Armor
23:43 Castle Age
24:32 Bodkin Arrow
28:46 Bow Saw
30:39 Stone Mining
33:09 Gold Mining
33:56 Stone Shaft Mining
35:03 Gillnets
38:05 Pikeman
43:01 Gold Shaft Mining
43:22 Masonry
44:17 Forging
44:08 Scale Mail Armor
45:30 Ballistics
48:42 Imperial Age
49:19 Capped Ram
啊超
7:49 Loom
12:49 Feudal Age
19:52 Castle Age
26:23 Pikeman
30:35 Double-Bit Axe
35:50 Horse Collar
37:45 Arson
38:02 Squires
42:27 Imperial Age
41:54 Forging
41:45 Scale Mail Armor
42:43 Fletching
43:13 Halberdier
44:56 Elite Fire Lancer
46:09 Bow Saw
47:10 Iron Casting
46:51 Chain Mail Armor
47:42 Chemistry
47:49 Bodkin Arrow
49:25 Bracer
49:27 Padded Archer Armor
50:42 Paper Money
50:21 Elite Rattan Archer
51:25 Ballistics
LY
5:00 Loom
13:38 Feudal Age
17:57 Castle Age
16:27 Double-Bit Axe
16:52 Stone Mining
17:20 Gold Mining
18:09 Fletching
19:02 Bow Saw
19:01 Crossbowman
27:16 Horse Collar
29:24 Wheelbarrow
28:51 Heavy Plow
32:28 Fervor
32:35 Bloodlines
34:22 Husbandry
39:05 Imperial Age
37:18 Scale Barding Armor
38:33 Forging
39:20 Marauders
40:00 Chain Barding Armor
40:30 Iron Casting
41:16 Plate Barding Armor
43:15 Bodkin Arrow
44:19 Gold Shaft Mining
44:58 Blast Furnace
44:51 Bracer
44:51 Padded Archer Armor
45:09 Cavalier
47:16 Ballistics
50:25 Paladin
Connection lost

Rejoining the realm…

Still unreachable

The connection could not be restored.

Session expired

The server has moved on; the page needs a fresh start.